 Dungeon Crawl Stone Soup version 0.32-a0-391-gce5c0aab1b (webtiles) character file.

Game seed: 9224145969541673457

1456 ragingrage the Cutter (level 8, -2/58 HPs)
             Began as a Coglin Hexslinger on Feb 20, 2024.
             Was a Believer of Okawaru.
             Slain by a gnoll sergeant
             ... wielding a +0 flail
              (13 damage)
             ... on level 4 of the Dungeon.
             The game lasted 00:09:53 (5530 turns).

ragingrage the Cutter (Coglin Hexslinger)           Turns: 5530, Time: 00:09:54

Health: -2/58      AC:  4    Str:  8    XL:     8   Next: 76%
Magic:  9/9        EV: 12    Int: 13    God:    Okawaru [**....]
Gold:   216        SH:  0    Dex: 19    Spells: 7/9 levels left

rFire   . . .        t - +1 short sword (elec) {Fusazane}
rCold   . . .        c - +1 dagger (freeze) {Fernanda}
rNeg    . . .        m - +0 leather armour {rPois}
rPois   +            r - +0 helmet
rElec   .            (no cloak)
rCorr   +            (no gloves)
SInv    .            (no boots)
Will    .....        x - amulet of the acrobat
Stlth   ++           d - ring of resist corrosion
HPRegen 0.29/turn    (no ring)
MPRegen 0.11/turn

%: acrobat
@: revved, stiff-legged, very slow
A: off-hand wielding, slow wielding, warmup strikes, warmup strides
a: Renounce Religion, Heroism


You were on level 4 of the Dungeon.
You worshipped Okawaru.
Okawaru was pleased with you.
You visited 1 branch of the dungeon, and saw 6 of its levels.
You also visited: Sewer.

You collected 216 gold pieces.

Inventory:

Hand Weapons
 a - a +1 sling {Wei}
 c - a +1 dagger of freezing (worn) {Fernanda}
 e - a +0 long sword
 p - a +0 long sword
 t - a +1 short sword of electrocution (weapon) {Fusazane}
Missiles
 l - 23 poisoned darts
Armour
 m - a +0 leather armour of poison resistance (worn)
 r - a +0 helmet (worn)
 A - a +1 helmet
Jewellery
 d - a ring of resist corrosion (left grasper)
 x - an amulet of the acrobat (around neck)
Wands
 i - a wand of flame (30)
Scrolls
 b - a scroll of poison
 j - 4 scrolls of teleportation
 k - a scroll of enchant armour {unknown}
 q - a scroll of vulnerability {unknown}
 w - a scroll of enchant weapon {unknown}
 y - a scroll of blinking {unknown}
 z - a scroll of fear {unknown}
Potions
 f - a potion of might
 g - 2 potions of mutation
 h - a potion of magic
 n - a potion of enlightenment
 v - 3 potions of resistance


   Skills:
 - Level 3.0 Fighting
 * Level 7.4(7.6) Short Blades
 - Level 2.3(5.7) Long Blades
 - Level 3.3 Ranged Weapons
 - Level 1.7 Dodging
 - Level 2.0 Stealth
 - Level 1.0 Spellcasting
 - Level 4.0 Hexes
 - Level 0.8 Fire Magic


You had 7 spell levels left.
You knew the following spells:

 Your Spells              Type           Power      Damage    Failure   Level
a - Jinxbite              Hex            22%        N/A       12%         2

Your spell library contained the following spells:

 Spells                   Type           Power      Damage    Failure   Level
 Sigil of Binding         Hex            11%        N/A       24%         3
 Magic Dart               Conj           0%         1d3       38%         1
 Inner Flame              Hex/Fire       6%         N/A       41%         3
 Mercury Vapours          Alch/Air       0%         N/A       52%         2
 Searing Ray              Conj           0%         2d4       52%         2
 Cause Fear               Hex            5%         N/A       61%         4
 Hailstorm                Conj/Ice       0%         3d5       77%         3
 Mephitic Cloud           Conj/Alch/Air  0%         N/A       77%         3
 Stone Arrow              Conj/Erth      0%         3d7       77%         3
 Dimensional Bullseye     Hex/Tloc       2%         N/A       87%         4
 Fulminant Prism          Conj/Alch      0%         3d5       99%         4
 Iskenderun's Mystic Bla  Conj/Tloc      0%         2d3       99%         4
 Freezing Cloud           Conj/Ice/Air   0%         6-21      100%        5
 Lehudib's Crystal Spear  Conj/Erth      0%         10d2      100%        8
 Tukima's Dance           Hex            Unusable   N/A       N/A         3
 Summon Ice Beast         Ice/Summ       Unusable   N/A       N/A         3
 Animate Armour           Summ/Erth      Unusable   N/A       N/A         4
 Sculpt Simulacrum        Ice/Alch       Unusable   N/A       N/A         6

Dungeon Overview and Level Annotations

Branches:
Dungeon (6/15)              Sewer (visited)
 Temple: D:4-7

Altars:
Dithmenos
Fedhas
Okawaru
Sif Muna
Wu Jian
Xom
Zin

Shops:
D:1 ?   D:3 [   D:4 [

Annotations:
D:1 exclusion: downstairs
D:2 Terence


Innate Abilities, Weirdness & Mutations

You can wield a second weapon in your off-hand.
It takes a long time for you to wield or remove held weapons.
Your first few attacks do less damage.
Your first movements take longer.


Message History

You hit the howler monkey but do no damage.
Lightning courses through the howler monkey!
You kill the howler monkey!
Okawaru accepts your kill.
There is a stone staircase leading up here.
You climb upwards.
There is a stone staircase leading down here.
You start resting.
You climb downwards.
The gnoll sergeant hits you with a +0 flail.
There is a stone staircase leading up here.
The gnoll sergeant misses you.
You climb upwards.
There is a stone staircase leading down here.
You hit the gnoll sergeant but do no damage.
You barely miss the gnoll sergeant with your +1 short sword of electrocution.
The gnoll sergeant hits you with a +0 flail!
You hit the gnoll sergeant but do no damage. x2
You barely miss the gnoll sergeant with your +1 short sword of electrocution.
You hit the gnoll sergeant but do no damage.
The gnoll sergeant hits you with a +0 flail!
You hit the gnoll sergeant but do no damage. x2
The gnoll sergeant hits you but does no damage.
You hit the gnoll sergeant but do no damage.
Lightning courses through the gnoll sergeant!!
You closely miss the gnoll sergeant with your +1 dagger of freezing.
You hit the gnoll sergeant with your +1 short sword of electrocution.
You hit the gnoll sergeant but do no damage.
The gnoll sergeant hits you with a +0 flail!
You hit the gnoll sergeant but do no damage.
You barely miss the gnoll sergeant with your +1 short sword of electrocution.
You hit the gnoll sergeant with your +1 dagger of freezing.
You freeze the gnoll sergeant.
You hit the gnoll sergeant but do no damage.
The gnoll sergeant hits you with a +0 flail!
* * * LOW HITPOINT WARNING * * *
You closely miss the gnoll sergeant with your +1 short sword of electrocution.
You barely miss the gnoll sergeant with your +1 dagger of freezing.
The gnoll sergeant hits you with a +0 flail!
You die...

#.### #.##.≈≈≈≈≈≈≈.#...#
#...... #.# #.##.........#...#
#...### #.# #.#.#########..>.#
##### #.## #...#########....#
.#.##
#................##########
###.#
##############.÷.#.........
.#.############ #∩)).......###
..............######)<.#.###.##
...##########...@...)..#.#
#.#### #.## #.......g......#.#
#..... #.# #.############.#)#
###### #.# #.# #.#.########
#.#### #.# #........... #[...##
#.# ####.#######
####..###.######### #.#
#.#.)..........# #.#
#..###.#######.# #.#


You could see a gnoll sergeant.

Vanquished Creatures
  Maggie (D:6)
  Grinder (Sewer)
  A yak (D:5)
  2 kobold brigands (Sewer)
  A scorpion (D:4)
  A howler monkey (D:5)
  A hound (D:5)
  A quasit (Sewer)
  A gnoll bouda (D:4)
  An orc priest (D:4)
  2 orc wizards
  Robin (D:3)
  7 gnolls
  A river rat (D:5)
  4 adders
  4 shadow imps (Sewer)
  3 ufetubi
  3 dart slugs
  14 orcs
  9 ball pythons
  6 endoplasms
  5 giant cockroaches
  11 hobgoblins
  4 jackals
  3 quokkas
  5 bats
  3 frilled lizards
  17 goblins
  32 kobolds
  9 rats
154 creatures vanquished.

Vanquished Creatures (others)
  An ogre (D:5)
1 creature vanquished.

Grand Total: 155 creatures vanquished

Notes
Turn   | Place    | Note
-------+----------+-------------------------------------------
     0 | D:1      | ragingrage the Coglin Hexslinger began the quest for the
                  | Orb.
     0 | D:1      | Reached XP level 1. HP: 15/15 MP: 2/2
    72 | D:1      | Reached XP level 2. HP: 21/21 MP: 3/3
    97 | D:1      | Found Nykli's Magic Scroll Boutique.
   196 | D:1      | Reached XP level 3. HP: 26/26 MP: 4/4
   213 | D:1      | Learned a level 2 spell: Jinxbite
   988 | D:2      | Reached XP level 4. HP: 25/32 MP: 5/5
  1061 | D:2      | Noticed Terence
  2660 | D:3      | Reached XP level 5. HP: 35/37 MP: 6/6
  2669 | D:3      | Found a blossoming altar of Fedhas.
  2798 | D:3      | Reached skill level 1 in Long Blades
  3060 | D:4      | Reached skill level 1 in Stealth
  3112 | D:4      | Reached XP level 6. HP: 20/43 MP: 3/7
  3265 | D:4      | Found an iron altar of Okawaru.
  3265 | D:4      | Found an ornate altar of the Wu Jian Council.
  3266 | D:4      | Found a shadowy altar of Dithmenos.
  3281 | D:4      | Became a worshipper of Warmaster Okawaru
  3371 | D:4      | Found Pob Mio's Antique Armour Emporium.
  3379 | D:4      | Found a shimmering blue altar of Sif Muna.
  3379 | D:4      | Noticed Robin
  3395 | D:3      | Reached skill level 1 in Short Blades
  3412 | D:3      | Killed Robin
  3667 | D:4      | Reached skill level 2 in Short Blades
  3966 | D:4      | Reached skill level 3 in Short Blades
  4261 | D:5      | Entered Level 5 of the Dungeon
  4288 | D:5      | Noticed a yak
  4293 | D:5      | Killed a yak
  4293 | D:5      | Reached * piety under Okawaru
  4294 | D:5      | Reached skill level 4 in Short Blades
  4294 | D:5      | Reached XP level 7. HP: 45/48 MP: 8/8
  4306 | D:5      | Found a glowing drain.
  4344 | Sewer    | Entered a sewer
  4474 | Sewer    | Found a burning altar of Makhleb.
  4474 | Sewer    | Noticed Grinder
  4492 | Sewer    | Paralysed by Grinder for 3 turns
  4498 | Sewer    | Killed Grinder
  4499 | Sewer    | Reached skill level 5 in Short Blades
  4499 | Sewer    | Reached XP level 8. HP: 25/57 MP: 9/9
  4811 | D:5      | Reached skill level 6 in Short Blades
  5289 | D:5      | Found a glowing silver altar of Zin.
  5289 | D:5      | Found a shimmering altar of Xom.
  5289 | D:5      | Noticed an angel
  5325 | D:6      | Noticed Maggie
  5342 | D:6      | Killed Maggie
  5342 | D:6      | Reached ** piety under Okawaru
  5343 | D:6      | Reached skill level 7 in Short Blades
  5530 | D:4      | Slain by a gnoll sergeant

Illustrated notes

Levels and vault maps discovered:
D:1:      shiori_arrival_oz, layout_basic, serial_shops,
          nicolae_shop_waterfront, minivault_27, minivault_27,
          minmay_misc_feat_roman
D:2:      layout_basic, serial_rivers, chequers_serial_rivers_room_a,
          chequers_serial_rivers_micro_a, chequers_serial_rivers_room_a,
          chequers_serial_rivers_micro_c, uniq_terence
D:3:      layout_loops_ring, fedhas_altar_fruit_tree, grunt_ministairs_9,
          minmay_surrounded
D:4:      layout_loops_ring, chequers_temple_overflow_statue_of_worship,
          mainiacjoe_overflow_paths, serial_shops, shop, uniq_robin
D:5:      layout_cave_pods, grunt_temple_overflow_order_and_chaos_1,
          grunt_temple_overflow_opulence, mainiacjoe_overflow_six_doors_small,
          serial_column_ruins, column_ruins_hut, column_ruins_open_large,
          column_ruins_open_tiny, column_ruins_grid_1,
          column_ruins_corridor_straight, column_ruins_corridor_corner,
          portal_sewer_entry_a, minmay_misc_feat_enclosed, uniq_blork_the_orc
D:6:      layout_loops_corners, jmf_multi_god_temple, minmay_temple_entry_grid,
          uniq_maggie

Skill      XL: |  1  2  3  4  5  6  7  8 |
---------------+-------------------------+-----
Ranged Weapons | 2 3 |  3.3
Hexes          | 3 4 |  4.0
Long Blades    | 2 |  2.3
Stealth        | 1 2 |  2.0
Short Blades   | 4 5 7 |  7.4
Fighting       | 2 3 |  3.0
Dodging        | |  1.7
Spellcasting   | |  1.0
Fire Magic     | |  0.8

Action                     |  1- 3 |  4- 6 |  7- 9 || total
---------------------------+-------+-------+-------++-------
  Melee: Short sword       |       |    61 |   120 ||   181
         Dagger            |       |    52 |   118 ||   170
   Fire: Sling             |    86 |   133 |       ||   219
   Cast: Jinxbite          |       |    14 |     1 ||    15
  Evoke: Wand              |       |       |     3 ||     3
    Use: Scroll            |       |     4 |     1 ||     5
         Potion            |       |     1 |     6 ||     7
   Stab: Sleeping          |       |     3 |     1 ||     4
 Armour: Robe              |    11 |       |       ||    11
         Leather armour    |     4 |    93 |    72 ||   169
  Dodge: Dodged            |    18 |    95 |    80 ||   193

Table legend: (Time is in decaauts)
 A = Elapsed time spent in this place.
 B = Non-inter-level travel time spent in this place.
 C = Inter-level travel time spent in this place.
 D = Time resting spent in this place.
 E = Time spent auto-exploring this place.
 F = Levels seen in this place.
 G = Mean time per level.
                   A        B        C        D        E       F      G
               +--------+--------+--------+--------+--------+-----+--------+
         Total |   5731 |   5442 |    289 |   1456 |   2730 |   7 |  818.7 |
       Dungeon |   5283 |   4994 |    289 |   1456 |   2474 |   6 |  880.5 |
         Sewer |    448 |    448 |      0 |      0 |    256 |   1 |  448.0 |
               +--------+--------+--------+--------+--------+-----+--------+

Top non-repeatable levels by time:
     D:4: 1475 daAuts
     D:1: 1194 daAuts
     D:2: 1132 daAuts
     D:3: 811 daAuts
     D:5: 653 daAuts
   Sewer: 448 daAuts
     D:6: 16 daAuts
